Lightning vs Kraken

Created - 19 avril 2024 at 14:48

Goals
1 2 3 T
Lightning 0 2 0 2
Kraken 1 3 2 6
Shots
1 2 3 T
Lightning 13 17 5 35
Kraken 11 17 13 41

GoalsPenalties
1st period
1. Kraken , Jack Hughes 36 (Kirill Kaprizov 44, Cole Caufield 28) at 18:56
Zach Whitecloud (TAM) for Cross-checking (Minor) at 1:20
Erik Haula (SEA) for Tripping (Minor) at 19:40
2nd period
2. Kraken , Kirill Kaprizov 36 (Jesperi Kotkaniemi 17) at 1:50
3. Lightning , Mitchell Marner 31 (Miro Heiskanen 33) at 3:55 (SH)
4. Kraken , Jesperi Kotkaniemi 17 (Danton Heinen 7, Peyton Krebs 6) at 10:18
5. Kraken , Jordan Kyrou 22 (Matias Maccelli 22) at 15:23
6. Lightning , Martin Necas 25 (Filip Chytil 27) at 18:17
Nikita Zadorov (TAM) for Delaying the game (Minor) at 3:38
3rd period
7. Kraken , Erik Haula 12 (Marcus Pettersson 19, Conor Sheary 15) at 6:58
8. Kraken , Jack Hughes 37 (Kirill Kaprizov 45, Jan Rutta 18) at 17:21
Kirill Kaprizov (SEA) for High sticking (Minor) at 0:19
Jan Rutta (SEA) for Delaying the game (Minor) at 17:43
Goalie Stats
Taylor Gauthier (TAM), 35 saves from 41 shots - (0,854), L, 2-3-0, 60:00 minutes
Linus Ullmark (SEA), 33 saves from 35 shots - (0,943), W, 41-12-6, 60:00 minutes
3 StarsOfficial
1 - Jack Hughes (SEA)
2 - Kirill Kaprizov (SEA)
3 - Jesperi Kotkaniemi (SEA)
Referees : Tim Mayer and Trevor Hanson
Linesman : Brent Hooks and Jonny Murray
Game Note
No Game Note
Finance
Level 1 -- Attendance: 6000 (100,00%) -- Ticket Income $600,000
Level 2 -- Attendance: 5000 (100,00%) -- Ticket Income $300,000
Level 3 -- Attendance: 2000 (100,00%) -- Ticket Income $70,000
Level 4 -- Attendance: 4000 (100,00%) -- Ticket Income $80,000
Luxury Box -- Attendance: 1000 (100,00%) -- Ticket Income $200,000
Game was played at the Hellgates Center.
Total Attendance: 18000 (100,00%)
Total Ticket Income: $1,250,000
Other Income: $612,500
Total Income: $1,862,500



Team Name Goals Shots Shots Attemp Shots Blocked PIM HIT PP PK FO%
Lightning 23564164270 / 3 (0%)052%
Kraken 64175156150 / 2 (0%)048%

Lightning
Player Name POS G A P +/- PIM HIT SHT SB MP PP MP PP SHT PK MP PK SHT FO% FOT GA TA
Connor McDavidC/LW000-2011110:590:0400:00043% 701
Evgeni DadonovLW/RW000-2001016:442:3900:0000% 211
Filip ChytilC/LW/RW011-1013117:313:1510:000100% 102
Frederick GaudreauC000-2031018:472:3901:58062% 2100
Jordan SpenceD000-1021118:373:0900:5200% 000
Klim KostinLW/RW000-2013010:560:0100:0000% 100
Leo CarlssonC000-1022017:283:1700:00059% 1710
Logan O'ConnorRW0001010212:490:0002:0000% 100
Martin NecasC/LW/RW101-1023017:283:1710:000100% 120
Miro HeiskanenD011-1012221:032:4803:0810% 001
Mitchell MarnerRW101-1025118:452:3902:00133% 301
Morgan GeekieC/RW0000022012:510:0001:58060% 1000
Nicolas DeslauriersLW/D000-2002010:500:0000:0000% 100
Nikita ZadorovD000-2242320:320:0000:4600% 000
Riley StillmanD000-1010117:443:0900:0000% 012
William CarrierLW0000003010:480:0000:0000% 200
Zach WhitecloudD000-2231421:170:0000:5000% 001
Zachary WerenskiD000-1013020:512:4802:2000% 000
Kraken
Player Name POS G A P +/- PIM HIT SHT SB MP PP MP PP SHT PK MP PK SHT FO% FOT GA TA
Brandon MontourD0001013323:312:3101:4600% 001
Cole CaufieldLW/RW0111001017:332:3300:000100% 100
Conor ShearyC/LW/RW0110023016:320:0003:10050% 220
Danton HeinenC/LW/RW011100208:390:0001:0000% 000
Erik HaulaC/LW1011204016:551:2501:58047% 1500
Jack HughesC/LW2021018019:352:3301:55055% 2200
Jan RuttaD0110211218:230:0001:3000% 000
Jesperi KotkaniemiC/LW112201519:160:0001:19067% 300
Jon MerrillD0003000215:110:0000:5900% 000
Jonathan MarchessaultC/LW/RW0001012115:111:2500:00020% 510
Jordan KyrouC/RW1011001015:111:2500:00040% 1501
Kirill KaprizovLW/RW1232217018:012:3300:181100% 150
Kris LetangD000-1020123:432:3103:4800% 002
Luke EvangelistaRW0000013013:220:0000:0000% 010
Marcus PetterssonD0112010323:441:2703:5000% 000
Matias MaccelliC/LW/RW0111010213:460:0000:0000% 001
Nick BlankenburgD0003010015:341:2700:0100% 000
Peyton KrebsC/LW011101109:530:0002:14033% 300

Lightning

5 vs 5 Forward
Line #Left WingCenterRight WingPHYDFOFWanted %Time %Time Play
1Evgeni DadonovFrederick GaudreauMitchell Marner0142828%14:13
2Filip ChytilLeo CarlssonMartin Necas0232828%14:14
3Nicolas DeslauriersConnor McDavidKlim Kostin0232222%10:50
4William CarrierMorgan GeekieLogan O'Connor0322222%10:48
5 vs 5 Defense
Line #DefenseDefensePHYDFOFWanted %Time %Time Play
1Nikita ZadorovMiro Heiskanen1223030%15:06
2Zachary WerenskiZach Whitecloud1223030%14:53
3Riley StillmanJordan Spence1222529%14:35
4Nikita ZadorovZach Whitecloud2301511%5:31
Power Play Forward
Line #Left WingCenterRight WingPHYDFOFWanted %Time %Time Play
1Filip ChytilLeo CarlssonMartin Necas0146055%3:18
2Evgeni DadonovFrederick GaudreauMitchell Marner0144045%2:39
Power Play Defense
Line #DefenseDefensePHYDFOFWanted %Time %Time Play
1Miro HeiskanenZachary Werenski0235047%2:48
2Riley StillmanJordan Spence0235053%3:09
Penalty Kill 4 Players Forward
Line #CenterWingPHYDFOFWanted %Time %Time Play
1Frederick GaudreauMorgan Geekie0505050%1:58
2Mitchell MarnerLogan O'Connor0505050%2:00
Penalty Kill 4 Players Defense
Line #DefenseDefensePHYDFOFWanted %Time %Time Play
1Zachary WerenskiZach Whitecloud1405552%2:03
2Nikita ZadorovMiro Heiskanen1404548%1:55
Penalty Kill 3 Players
Line #WingPHYDFOFWanted %Time %Time PlayDefenseDefensePHYDFOFWanted %Time %Time Play
1Frederick Gaudreau050500%0:00 Zachary WerenskiZach Whitecloud050500%0:00
2Mitchell Marner050500%0:00 Nikita ZadorovMiro Heiskanen050500%0:00
4 vs 4 Forward
Line #CenterWingPHYDFOFWanted %Time %Time Play
1Martin NecasFilip Chytil122600%0:00
2Connor McDavidMitchell Marner122400%0:00
4 vs 4 Defense
Line #DefensePHYDFOFWanted %Time %Time Play
1Miro HeiskanenNikita Zadorov122500%0:00
2Zachary WerenskiZach Whitecloud122500%0:00
Last Minutes Offensive
Left WingCenterRight WingDefenseDefense
Martin NecasConnor McDavidMitchell MarnerMiro HeiskanenZachary Werenski
Last Minutes Defensive
Left WingCenterRight WingDefenseDefense
Filip ChytilLeo CarlssonConnor McDavidNikita ZadorovZach Whitecloud
Time
Total ForwardTotal DefenseLast Minutes OffensiveLast Minutes Defensive
60:00 60:00 0:000:00
Extra Forwards
Normal PowerPlayPenalty Kill
Martin Necas, Mitchell Marner, Filip ChytilFilip Chytil, Mitchell MarnerFrederick Gaudreau
Extra Defensemen
Normal PowerPlayPenalty Kill
Miro Heiskanen, Zachary Werenski, Zach WhitecloudMiro Heiskanen, Zachary WerenskiZach Whitecloud
Penalty Shots
Mitchell Marner, Leo Carlsson, Martin Necas, Filip Chytil, Miro Heiskanen
Goalie
Taylor Gauthier, Petr Mrazek
Custom OT Lines Forwards
Connor McDavid, Mitchell Marner, Martin Necas, Filip Chytil, Leo Carlsson, Nicolas Deslauriers, Frederick Gaudreau, Evgeni Dadonov, Morgan Geekie, Logan O'Connor
Custom OT Lines Defensemen
Miro Heiskanen, Zachary Werenski, Nikita Zadorov, Zach Whitecloud, Riley Stillman
Scratches
Alexander Nylander (Healthy), Daniel Sprong (Healthy), Joseph Woll (Healthy)

Kraken

5 vs 5 Forward
Line #Left WingCenterRight WingPHYDFOFWanted %Time %Time Play
1Kirill KaprizovJack HughesCole Caufield0143231%15:18
2Jonathan MarchessaultJordan KyrouMatias Maccelli0142927%13:46
3Luke EvangelistaErik HaulaConor Sheary0142927%13:22
4Danton HeinenJesperi KotkaniemiPeyton Krebs0231015%7:39
5 vs 5 Defense
Line #DefenseDefensePHYDFOFWanted %Time %Time Play
1Kris LetangJan Rutta0233535%17:35
2Marcus PetterssonBrandon Montour0233537%18:29
3Nick BlankenburgJon Merrill1222728%13:59
4Kris LetangBrandon Montour12230%0:02
Power Play Forward
Line #Left WingCenterRight WingPHYDFOFWanted %Time %Time Play
1Kirill KaprizovJack HughesCole Caufield0055364%2:33
2Erik HaulaJonathan MarchessaultJordan Kyrou0054736%1:25
Power Play Defense
Line #DefenseDefensePHYDFOFWanted %Time %Time Play
1Kris LetangBrandon Montour0235363%2:31
2Marcus PetterssonNick Blankenburg0234737%1:27
Penalty Kill 4 Players Forward
Line #CenterWingPHYDFOFWanted %Time %Time Play
1Erik HaulaConor Sheary1226083%4:57
2Jesperi KotkaniemiDanton Heinen1224017%1:00
Penalty Kill 4 Players Defense
Line #DefenseDefensePHYDFOFWanted %Time %Time Play
1Kris LetangMarcus Pettersson1226058%3:26
2Marcus PetterssonJan Rutta1224042%2:31
Penalty Kill 3 Players
Line #WingPHYDFOFWanted %Time %Time PlayDefenseDefensePHYDFOFWanted %Time %Time Play
1Erik Haula122600%0:00 Marcus PetterssonJan Rutta122600%0:00
2Jesperi Kotkaniemi122400%0:00 Kris LetangNick Blankenburg122400%0:00
4 vs 4 Forward
Line #CenterWingPHYDFOFWanted %Time %Time Play
1Jack HughesKirill Kaprizov014500%0:00
2Jordan KyrouJonathan Marchessault014500%0:00
4 vs 4 Defense
Line #DefensePHYDFOFWanted %Time %Time Play
1Kris LetangBrandon Montour023500%0:00
2Marcus PetterssonJan Rutta023500%0:00
Last Minutes Offensive
Left WingCenterRight WingDefenseDefense
Kirill KaprizovJack HughesJordan KyrouKris LetangBrandon Montour
Last Minutes Defensive
Left WingCenterRight WingDefenseDefense
Erik HaulaJack HughesJordan KyrouKris LetangBrandon Montour
Time
Total ForwardTotal DefenseLast Minutes OffensiveLast Minutes Defensive
60:00 60:00 0:000:00
Extra Forwards
Normal PowerPlayPenalty Kill
Conor Sheary, Peyton Krebs, Jonathan MarchessaultConor Sheary, Jesperi KotkaniemiPeyton Krebs
Extra Defensemen
Normal PowerPlayPenalty Kill
Nick Blankenburg, Brandon Montour, Marcus PetterssonNick Blankenburg, Jan RuttaMarcus Pettersson
Penalty Shots
Kirill Kaprizov, Jack Hughes, Jordan Kyrou, Jonathan Marchessault, Erik Haula
Goalie
Linus Ullmark, Igor Shesterkin
Custom OT Lines Forwards
Kirill Kaprizov, Jack Hughes, Jordan Kyrou, Jonathan Marchessault, Matias Maccelli, Cole Caufield, Luke Evangelista, Jesperi Kotkaniemi, Erik Haula, Conor Sheary
Custom OT Lines Defensemen
Kris Letang, Brandon Montour, Marcus Pettersson, Jan Rutta, Nick Blankenburg
Scratches
Lias Andersson (Healthy)


Play-by-Play

1st period


0:01 of 1st period - Jack Hughes wins face-off versus Frederick Gaudreau in neutral zone.
1:20 of 1st period - Minor Penalty to Zach Whitecloud for Cross-checking.
1:21 of 1st period - Jack Hughes wins face-off versus Frederick Gaudreau in Lightning zone.
1:35 of 1st period - Slapshot by Miro Heiskanen.
1:35 of 1st period - Stopped by Linus Ullmark without a rebound.
1:36 of 1st period - Mitchell Marner wins face-off versus Jonathan Marchessault in Kraken zone.
1:49 of 1st period - Backhand shot by Jonathan Marchessault.
1:49 of 1st period - Deflect By Miro Heiskanen.
1:49 of 1st period - Shot Blocked by Miro Heiskanen.
1:49 of 1st period - Puck is out of play.
1:50 of 1st period - Jack Hughes wins face-off versus Mitchell Marner in Lightning zone.
2:22 of 1st period - Off-side.
2:23 of 1st period - Frederick Gaudreau wins face-off versus Jonathan Marchessault in neutral zone.
2:54 of 1st period - Off-side.
2:55 of 1st period - Jack Hughes wins face-off versus Logan O'Connor in neutral zone.
3:15 of 1st period - Cole Caufield is hit by Frederick Gaudreau and loses puck.
3:20 of 1st period - Penalty to Zach Whitecloud is over, Zach Whitecloud is back on ice.
3:24 of 1st period - Slapshot by Jack Hughes.
3:24 of 1st period - Stopped by Taylor Gauthier without a rebound.
3:25 of 1st period - Erik Haula wins face-off versus Leo Carlsson in Lightning zone.
3:34 of 1st period - Snap shot by Erik Haula.
3:34 of 1st period - Stopped by Taylor Gauthier without a rebound.
3:35 of 1st period - Erik Haula wins face-off versus Leo Carlsson in Lightning zone.
3:36 of 1st period - Slapshot by Luke Evangelista.
3:36 of 1st period - Shot Misses the Net.
3:48 of 1st period - Wrist shot by Luke Evangelista.
3:48 of 1st period - Stopped by Taylor Gauthier with a rebound.
4:02 of 1st period - Slapshot by Luke Evangelista.
4:02 of 1st period - Shot Blocked by Jordan Spence.
4:24 of 1st period - Riley Stillman is hit by Conor Sheary and loses puck.
4:33 of 1st period - Conor Sheary is hit by Zach Whitecloud.
5:07 of 1st period - Nikita Zadorov is hit by Luke Evangelista and loses puck.
5:59 of 1st period - Slapshot by Zachary Werenski.
5:59 of 1st period - Stopped by Linus Ullmark with a rebound.
6:23 of 1st period - Snap shot by Luke Evangelista.
6:23 of 1st period - Shot Blocked by Zach Whitecloud.
6:25 of 1st period - Slapshot by Brandon Montour.
6:25 of 1st period - Shot Misses the Net.
6:48 of 1st period - Snap shot by Luke Evangelista.
6:48 of 1st period - Shot Blocked by Zach Whitecloud.
6:50 of 1st period - Snap shot by Erik Haula.
6:50 of 1st period - Stopped by Taylor Gauthier with a rebound.
6:52 of 1st period - Wrist shot by Erik Haula.
6:52 of 1st period - Deflect By Conor Sheary.
6:52 of 1st period - Shot Misses the Net.
6:52 of 1st period - Puck is out of play.
6:53 of 1st period - Jordan Kyrou wins face-off versus Evgeni Dadonov in Lightning zone.
7:02 of 1st period - Riley Stillman is hit by Kris Letang and loses puck.
7:08 of 1st period - Off-side.
7:09 of 1st period - Morgan Geekie wins face-off versus Jack Hughes in neutral zone.
7:34 of 1st period - Icing by Kirill Kaprizov.
7:35 of 1st period - Jordan Kyrou wins face-off versus Connor McDavid in Kraken zone.
7:35 of 1st period - Jordan Kyrou is hit by Nikita Zadorov.
7:41 of 1st period - Snap shot by Jordan Kyrou.
7:41 of 1st period - Shot Blocked by Nikita Zadorov.
8:21 of 1st period - Backhand shot by Evgeni Dadonov.
8:21 of 1st period - Shot Misses the Net.
8:23 of 1st period - Slapshot by Zach Whitecloud.
8:23 of 1st period - Shot Blocked by Jon Merrill.
8:25 of 1st period - Slapshot by Nikita Zadorov.
8:25 of 1st period - Shot Blocked by Jesperi Kotkaniemi.
8:31 of 1st period - Wrist shot by Evgeni Dadonov.
8:31 of 1st period - Shot Misses the Net.
9:08 of 1st period - Snap shot by Jack Hughes.
9:08 of 1st period - Shot Misses the Net.
9:45 of 1st period - Snap shot by Jordan Kyrou.
9:45 of 1st period - Shot Misses the Net.
9:47 of 1st period - Slapshot by Kris Letang.
9:47 of 1st period - Shot Misses the Net.
10:19 of 1st period - Slapshot by Morgan Geekie.
10:19 of 1st period - Stopped by Linus Ullmark without a rebound.
10:20 of 1st period - Jack Hughes wins face-off versus Nicolas Deslauriers in Kraken zone.
10:54 of 1st period - Slapshot by Kris Letang.
10:54 of 1st period - Deflect By Jesperi Kotkaniemi.
10:54 of 1st period - Shot Blocked by Logan O'Connor.
10:54 of 1st period - Puck is out of play.
10:55 of 1st period - Frederick Gaudreau wins face-off versus Jordan Kyrou in Lightning zone.
11:00 of 1st period - Jonathan Marchessault is hit by Frederick Gaudreau and loses puck.
13:09 of 1st period - Brandon Montour is hit by Klim Kostin.
13:32 of 1st period - Jordan Kyrou is hit by Nikita Zadorov.
14:13 of 1st period - Zach Whitecloud is hit by Peyton Krebs and loses puck.
14:31 of 1st period - Off-side.
14:32 of 1st period - Leo Carlsson wins face-off versus Jordan Kyrou in neutral zone.
14:37 of 1st period - Snap shot by Martin Necas.
14:37 of 1st period - Shot Misses the Net.
14:39 of 1st period - Slapshot by Miro Heiskanen.
14:39 of 1st period - Stopped by Linus Ullmark with a rebound.
14:41 of 1st period - Snap shot by Filip Chytil.
14:41 of 1st period - Stopped by Linus Ullmark with a rebound.
15:25 of 1st period - Off-side.
15:26 of 1st period - Frederick Gaudreau wins face-off versus Jack Hughes in neutral zone.
15:37 of 1st period - Slapshot by Mitchell Marner.
15:37 of 1st period - Shot Blocked by Kris Letang.
15:39 of 1st period - Snap shot by Evgeni Dadonov.
15:39 of 1st period - Shot Misses the Net.
15:41 of 1st period - Slapshot by Frederick Gaudreau.
15:41 of 1st period - Shot Blocked by Jan Rutta.
16:58 of 1st period - Backhand shot by Kirill Kaprizov.
16:58 of 1st period - Shot Blocked by Zach Whitecloud.
17:00 of 1st period - Wrist shot by Jack Hughes.
17:00 of 1st period - Stopped by Taylor Gauthier with a rebound.
17:02 of 1st period - Wrist shot by Kirill Kaprizov.
17:02 of 1st period - Stopped by Taylor Gauthier without a rebound.
17:03 of 1st period - Frederick Gaudreau wins face-off versus Jack Hughes in Lightning zone.
17:16 of 1st period - Snap shot by Mitchell Marner.
17:16 of 1st period - Stopped by Linus Ullmark without a rebound.
17:17 of 1st period - Connor McDavid wins face-off versus Jack Hughes in Kraken zone.
17:18 of 1st period - Slapshot by Zachary Werenski.
17:18 of 1st period - Deflect By Connor McDavid.
17:18 of 1st period - Shot Misses the Net.
17:18 of 1st period - Puck is out of play.
17:19 of 1st period - Connor McDavid wins face-off versus Jack Hughes in Kraken zone.
17:20 of 1st period - Slapshot by Zachary Werenski.
17:20 of 1st period - Stopped by Linus Ullmark with a rebound.
17:46 of 1st period - Wrist shot by Jordan Kyrou.
17:46 of 1st period - Deflect By Jonathan Marchessault.
17:46 of 1st period - Stopped by Taylor Gauthier with a rebound.
17:48 of 1st period - Snap shot by Brandon Montour.
17:48 of 1st period - Shot Blocked by Zach Whitecloud.
17:50 of 1st period - Slapshot by Brandon Montour.
17:50 of 1st period - Stopped by Taylor Gauthier with a rebound.
17:56 of 1st period - Snap shot by Jordan Kyrou.
17:56 of 1st period - Shot Blocked by Mitchell Marner.
18:08 of 1st period - Kris Letang is hit by Zachary Werenski and loses puck.
18:13 of 1st period - Slapshot by Morgan Geekie.
18:13 of 1st period - Stopped by Linus Ullmark without a rebound.
18:14 of 1st period - Jack Hughes wins face-off versus William Carrier in Kraken zone.
18:28 of 1st period - Snap shot by William Carrier.
18:28 of 1st period - Stopped by Linus Ullmark without a rebound.
18:29 of 1st period - Frederick Gaudreau wins face-off versus Jordan Kyrou in Kraken zone.
18:40 of 1st period - Wrist shot by Mitchell Marner.
18:40 of 1st period - Shot Blocked by Matias Maccelli.
18:42 of 1st period - Slapshot by Frederick Gaudreau.
18:42 of 1st period - Stopped by Linus Ullmark without a rebound.
18:43 of 1st period - Jack Hughes wins face-off versus Connor McDavid in Kraken zone.
18:48 of 1st period - Snap shot by Cole Caufield.
18:48 of 1st period - Stopped by Taylor Gauthier with a rebound.
18:50 of 1st period - Backhand shot by Jan Rutta.
18:50 of 1st period - Stopped by Taylor Gauthier with a rebound.
18:54 of 1st period - Slapshot by Kirill Kaprizov.
18:54 of 1st period - Shot Misses the Net.
18:56 of 1st period - Slapshot by Jack Hughes.
18:56 of 1st period - Goal by Jack Hughes - Lightning : 0 - Kraken : 1.
18:57 of 1st period - Jack Hughes wins face-off versus Evgeni Dadonov in neutral zone.
19:12 of 1st period - Frederick Gaudreau is hit by Marcus Pettersson and loses puck.
19:35 of 1st period - Snap shot by William Carrier.
19:35 of 1st period - Stopped by Linus Ullmark with a rebound.
19:37 of 1st period - Wrist shot by Nikita Zadorov.
19:37 of 1st period - Stopped by Linus Ullmark without a rebound.
19:38 of 1st period - Erik Haula wins face-off versus Connor McDavid in Kraken zone.
19:40 of 1st period - Minor Penalty to Erik Haula for Tripping.
19:41 of 1st period - Leo Carlsson wins face-off versus Peyton Krebs in Kraken zone.
19:47 of 1st period - Snap shot by Leo Carlsson.
19:47 of 1st period - Deflect By Martin Necas.
19:47 of 1st period - Stopped by Linus Ullmark with a rebound.
19:57 of 1st period - Snap shot by Martin Necas.
19:57 of 1st period - Shot Misses the Net.
Goals for this period are 0 for Lightning vs 1 for Kraken.
Shots for this period are 13 for Lightning vs 11 for Kraken.

2nd period


0:01 of 2nd period - Leo Carlsson wins face-off versus Peyton Krebs in neutral zone.
0:04 of 2nd period - Wrist shot by Filip Chytil.
0:04 of 2nd period - Stopped by Linus Ullmark without a rebound.
0:05 of 2nd period - Peyton Krebs wins face-off versus Leo Carlsson in Kraken zone.
1:04 of 2nd period - Peyton Krebs is hit by Filip Chytil and loses puck.
1:29 of 2nd period - Wrist shot by Kirill Kaprizov.
1:29 of 2nd period - Stopped by Taylor Gauthier without a rebound.
1:30 of 2nd period - Jesperi Kotkaniemi wins face-off versus Frederick Gaudreau in Lightning zone.
1:40 of 2nd period - Penalty to Erik Haula is over, Erik Haula is back on ice.
1:50 of 2nd period - Wrist shot by Jesperi Kotkaniemi.
1:50 of 2nd period - Deflect By Kirill Kaprizov.
1:50 of 2nd period - Goal by Kirill Kaprizov - Lightning : 0 - Kraken : 2.
1:51 of 2nd period - Frederick Gaudreau wins face-off versus Jordan Kyrou in neutral zone.
2:16 of 2nd period - Miro Heiskanen is hit by Kirill Kaprizov.
3:06 of 2nd period - Snap shot by Morgan Geekie.
3:06 of 2nd period - Deflect By William Carrier.
3:06 of 2nd period - Stopped by Linus Ullmark with a rebound.
3:08 of 2nd period - Wrist shot by Morgan Geekie.
3:08 of 2nd period - Shot Blocked by Brandon Montour.
3:18 of 2nd period - Evgeni Dadonov is hit by Brandon Montour.
3:38 of 2nd period - Minor Penalty to Nikita Zadorov for Delaying the game.
3:39 of 2nd period - Jack Hughes wins face-off versus Mitchell Marner in Lightning zone.
3:42 of 2nd period - Snap shot by Jack Hughes.
3:42 of 2nd period - Shot Blocked by Miro Heiskanen.
3:50 of 2nd period - Kris Letang is hit by Mitchell Marner and loses puck.
3:55 of 2nd period - Wrist shot by Mitchell Marner.
3:55 of 2nd period - Goal by Mitchell Marner - Lightning : 1 - Kraken : 2.
3:56 of 2nd period - Frederick Gaudreau wins face-off versus Jack Hughes in neutral zone.
5:38 of 2nd period - Penalty to Nikita Zadorov is over, Nikita Zadorov is back on ice.
5:44 of 2nd period - Brandon Montour is hit by Zach Whitecloud and loses puck.
5:52 of 2nd period - Off-side.
5:53 of 2nd period - Erik Haula wins face-off versus Connor McDavid in neutral zone.
6:10 of 2nd period - Erik Haula is hit by Nikita Zadorov and loses puck.
6:31 of 2nd period - Leo Carlsson is hit by Matias Maccelli and loses puck.
6:46 of 2nd period - Snap shot by Mitchell Marner.
6:46 of 2nd period - Stopped by Linus Ullmark with a rebound.
6:48 of 2nd period - Slapshot by Jordan Spence.
6:48 of 2nd period - Shot Misses the Net.
6:50 of 2nd period - Wrist shot by Mitchell Marner.
6:50 of 2nd period - Stopped by Linus Ullmark without a rebound.
6:51 of 2nd period - Morgan Geekie wins face-off versus Jack Hughes in Kraken zone.
7:27 of 2nd period - Erik Haula is hit by Miro Heiskanen.
8:09 of 2nd period - Snap shot by Erik Haula.
8:09 of 2nd period - Shot Misses the Net.
8:11 of 2nd period - Snap shot by Conor Sheary.
8:11 of 2nd period - Stopped by Taylor Gauthier without a rebound.
8:12 of 2nd period - Martin Necas wins face-off versus Jack Hughes in Lightning zone.
9:14 of 2nd period - Wrist shot by Kirill Kaprizov.
9:14 of 2nd period - Shot Blocked by Connor McDavid.
9:22 of 2nd period - Snap shot by Kirill Kaprizov.
9:22 of 2nd period - Stopped by Taylor Gauthier with a rebound.
9:24 of 2nd period - Snap shot by Jack Hughes.
9:24 of 2nd period - Stopped by Taylor Gauthier with a rebound.
9:26 of 2nd period - Wrist shot by Kirill Kaprizov.
9:26 of 2nd period - Stopped by Taylor Gauthier without a rebound.
9:27 of 2nd period - Morgan Geekie wins face-off versus Jonathan Marchessault in Lightning zone.
9:56 of 2nd period - Slapshot by Luke Evangelista.
9:56 of 2nd period - Shot Blocked by Filip Chytil.
10:14 of 2nd period - Wrist shot by Jesperi Kotkaniemi.
10:14 of 2nd period - Stopped by Taylor Gauthier with a rebound.
10:16 of 2nd period - Wrist shot by Peyton Krebs.
10:16 of 2nd period - Shot Blocked by Riley Stillman.
10:18 of 2nd period - Snap shot by Danton Heinen.
10:18 of 2nd period - Deflect By Jesperi Kotkaniemi.
10:18 of 2nd period - Goal by Jesperi Kotkaniemi - Lightning : 1 - Kraken : 3.
10:19 of 2nd period - Jonathan Marchessault wins face-off versus William Carrier in neutral zone.
10:32 of 2nd period - Off-side.
10:33 of 2nd period - Leo Carlsson wins face-off versus Jack Hughes in neutral zone.
10:39 of 2nd period - Icing by Kirill Kaprizov.
10:40 of 2nd period - Leo Carlsson wins face-off versus Jack Hughes in Kraken zone.
10:46 of 2nd period - Icing by Nikita Zadorov.
10:47 of 2nd period - Leo Carlsson wins face-off versus Jordan Kyrou in Lightning zone.
11:06 of 2nd period - Snap shot by Leo Carlsson.
11:06 of 2nd period - Shot Hit the Post.
11:08 of 2nd period - Snap shot by Leo Carlsson.
11:08 of 2nd period - Shot Misses the Net.
11:10 of 2nd period - Slapshot by Zach Whitecloud.
11:10 of 2nd period - Shot Misses the Net.
11:18 of 2nd period - Snap shot by Leo Carlsson.
11:18 of 2nd period - Stopped by Linus Ullmark with a rebound.
11:20 of 2nd period - Slapshot by Martin Necas.
11:20 of 2nd period - Shot Blocked by Matias Maccelli.
11:22 of 2nd period - Slapshot by Zach Whitecloud.
11:22 of 2nd period - Stopped by Linus Ullmark with a rebound.
11:24 of 2nd period - Slapshot by Nikita Zadorov.
11:24 of 2nd period - Stopped by Linus Ullmark without a rebound.
11:25 of 2nd period - Jack Hughes wins face-off versus Frederick Gaudreau in Kraken zone.
11:25 of 2nd period - Jack Hughes is hit by Mitchell Marner.
11:40 of 2nd period - Slapshot by Jordan Spence.
11:40 of 2nd period - Stopped by Linus Ullmark without a rebound.
11:41 of 2nd period - Morgan Geekie wins face-off versus Conor Sheary in Kraken zone.
12:06 of 2nd period - Marcus Pettersson is hit by Frederick Gaudreau and loses puck.
12:37 of 2nd period - Wrist shot by Klim Kostin.
12:37 of 2nd period - Stopped by Linus Ullmark without a rebound.
12:38 of 2nd period - Erik Haula wins face-off versus Frederick Gaudreau in Kraken zone.
13:04 of 2nd period - Logan O'Connor is hit by Jan Rutta.
13:34 of 2nd period - Snap shot by Leo Carlsson.
13:34 of 2nd period - Stopped by Linus Ullmark with a rebound.
14:10 of 2nd period - Slapshot by Jack Hughes.
14:10 of 2nd period - Shot Misses the Net.
15:01 of 2nd period - Slapshot by Evgeni Dadonov.
15:01 of 2nd period - Shot Misses the Net.
15:23 of 2nd period - Wrist shot by Jordan Kyrou.
15:23 of 2nd period - Goal by Jordan Kyrou - Lightning : 1 - Kraken : 4.
15:24 of 2nd period - Jack Hughes wins face-off versus Morgan Geekie in neutral zone.
15:33 of 2nd period - Snap shot by Kirill Kaprizov.
15:33 of 2nd period - Stopped by Taylor Gauthier with a rebound.
15:35 of 2nd period - Snap shot by Kirill Kaprizov.
15:35 of 2nd period - Stopped by Taylor Gauthier with a rebound.
15:37 of 2nd period - Snap shot by Kirill Kaprizov.
15:37 of 2nd period - Shot Misses the Net.
15:39 of 2nd period - Slapshot by Cole Caufield.
15:39 of 2nd period - Deflect By Jack Hughes.
15:39 of 2nd period - Stopped by Taylor Gauthier with a rebound.
15:41 of 2nd period - Snap shot by Jack Hughes.
15:41 of 2nd period - Stopped by Taylor Gauthier without a rebound.
15:42 of 2nd period - Erik Haula wins face-off versus Leo Carlsson in Lightning zone.
15:55 of 2nd period - Nick Blankenburg is hit by Leo Carlsson and loses puck.
16:12 of 2nd period - Snap shot by Jonathan Marchessault.
16:12 of 2nd period - Shot Misses the Net.
16:18 of 2nd period - Wrist shot by Jonathan Marchessault.
16:18 of 2nd period - Shot Misses the Net.
16:51 of 2nd period - Backhand shot by Jesperi Kotkaniemi.
16:51 of 2nd period - Stopped by Taylor Gauthier with a rebound.
16:53 of 2nd period - Slapshot by Jan Rutta.
16:53 of 2nd period - Shot Misses the Net.
16:55 of 2nd period - Slapshot by Jesperi Kotkaniemi.
16:55 of 2nd period - Shot Misses the Net.
16:57 of 2nd period - Slapshot by Jan Rutta.
16:57 of 2nd period - Deflect By Peyton Krebs.
16:57 of 2nd period - Stopped by Taylor Gauthier with a rebound.
17:15 of 2nd period - Snap shot by Martin Necas.
17:15 of 2nd period - Stopped by Linus Ullmark without a rebound.
17:16 of 2nd period - Jordan Kyrou wins face-off versus Leo Carlsson in Kraken zone.
17:16 of 2nd period - Jordan Kyrou is hit by Martin Necas.
17:24 of 2nd period - Martin Necas is hit by Jonathan Marchessault and loses puck.
17:31 of 2nd period - Wrist shot by Filip Chytil.
17:31 of 2nd period - Stopped by Linus Ullmark without a rebound.
17:32 of 2nd period - Kirill Kaprizov wins face-off versus Klim Kostin in Kraken zone.
17:43 of 2nd period - Snap shot by Connor McDavid.
17:43 of 2nd period - Stopped by Linus Ullmark with a rebound.
17:45 of 2nd period - Wrist shot by Connor McDavid.
17:45 of 2nd period - Shot Blocked by Marcus Pettersson.
17:47 of 2nd period - Snap shot by Klim Kostin.
17:47 of 2nd period - Stopped by Linus Ullmark with a rebound.
17:57 of 2nd period - Kirill Kaprizov is hit by Leo Carlsson and loses puck.
18:03 of 2nd period - Off-side.
18:04 of 2nd period - Filip Chytil wins face-off versus Erik Haula in neutral zone.
18:15 of 2nd period - Snap shot by Martin Necas.
18:15 of 2nd period - Shot Blocked by Jan Rutta.
18:17 of 2nd period - Wrist shot by Martin Necas.
18:17 of 2nd period - Goal by Martin Necas - Lightning : 2 - Kraken : 4.
18:18 of 2nd period - Morgan Geekie wins face-off versus Jordan Kyrou in neutral zone.
19:10 of 2nd period - Snap shot by Evgeni Dadonov.
19:10 of 2nd period - Stopped by Linus Ullmark without a rebound.
19:11 of 2nd period - Jordan Kyrou wins face-off versus Morgan Geekie in Kraken zone.
19:28 of 2nd period - Snap shot by Jonathan Marchessault.
19:28 of 2nd period - Stopped by Taylor Gauthier without a rebound.
19:29 of 2nd period - Frederick Gaudreau wins face-off versus Erik Haula in Lightning zone.
19:33 of 2nd period - Off-side.
19:34 of 2nd period - Frederick Gaudreau wins face-off versus Erik Haula in neutral zone.
19:43 of 2nd period - Slapshot by Brandon Montour.
19:43 of 2nd period - Stopped by Taylor Gauthier without a rebound.
19:44 of 2nd period - Cole Caufield wins face-off versus Leo Carlsson in Lightning zone.
Goals for this period are 2 for Lightning vs 3 for Kraken.
Shots for this period are 17 for Lightning vs 17 for Kraken.

3rd period


0:01 of 3rd period - Connor McDavid wins face-off versus Jordan Kyrou in neutral zone.
0:12 of 3rd period - Off-side.
0:13 of 3rd period - Frederick Gaudreau wins face-off versus Erik Haula in neutral zone.
0:16 of 3rd period - Slapshot by Zachary Werenski.
0:16 of 3rd period - Deflect By Kris Letang.
0:16 of 3rd period - Stopped by Linus Ullmark without a rebound.
0:17 of 3rd period - Jack Hughes wins face-off versus Morgan Geekie in Kraken zone.
0:19 of 3rd period - Minor Penalty to Kirill Kaprizov for High sticking.
0:20 of 3rd period - Leo Carlsson wins face-off versus Erik Haula in Kraken zone.
0:50 of 3rd period - Evgeni Dadonov is hit by Kris Letang and loses puck.
2:19 of 3rd period - Penalty to Kirill Kaprizov is over, Kirill Kaprizov is back on ice.
2:30 of 3rd period - Jon Merrill is hit by Morgan Geekie and loses puck.
2:42 of 3rd period - Jon Merrill is hit by Logan O'Connor and loses puck.
3:09 of 3rd period - Nicolas Deslauriers is hit by Nick Blankenburg and loses puck.
4:00 of 3rd period - Snap shot by Nicolas Deslauriers.
4:00 of 3rd period - Stopped by Linus Ullmark without a rebound.
4:01 of 3rd period - Conor Sheary wins face-off versus Leo Carlsson in Kraken zone.
4:44 of 3rd period - Icing by Mitchell Marner.
4:45 of 3rd period - Jesperi Kotkaniemi wins face-off versus Morgan Geekie in Lightning zone.
4:52 of 3rd period - Slapshot by Jesperi Kotkaniemi.
4:52 of 3rd period - Stopped by Taylor Gauthier without a rebound.
4:53 of 3rd period - Leo Carlsson wins face-off versus Erik Haula in Lightning zone.
5:05 of 3rd period - Wrist shot by Erik Haula.
5:05 of 3rd period - Stopped by Taylor Gauthier without a rebound.
5:06 of 3rd period - Jordan Kyrou wins face-off versus Frederick Gaudreau in Lightning zone.
5:37 of 3rd period - Slapshot by Danton Heinen.
5:37 of 3rd period - Stopped by Taylor Gauthier without a rebound.
5:38 of 3rd period - Frederick Gaudreau wins face-off versus Jesperi Kotkaniemi in Lightning zone.
6:05 of 3rd period - Slapshot by Jesperi Kotkaniemi.
6:05 of 3rd period - Shot Blocked by Nikita Zadorov.
6:07 of 3rd period - Slapshot by Brandon Montour.
6:07 of 3rd period - Shot Hit the Post.
6:23 of 3rd period - Brandon Montour is hit by Martin Necas and loses puck.
6:36 of 3rd period - Slapshot by Brandon Montour.
6:36 of 3rd period - Stopped by Taylor Gauthier with a rebound.
6:52 of 3rd period - Wrist shot by Conor Sheary.
6:52 of 3rd period - Stopped by Taylor Gauthier with a rebound.
6:54 of 3rd period - Slapshot by Luke Evangelista.
6:54 of 3rd period - Stopped by Taylor Gauthier with a rebound.
6:56 of 3rd period - Snap shot by Conor Sheary.
6:56 of 3rd period - Stopped by Taylor Gauthier with a rebound.
6:58 of 3rd period - Slapshot by Marcus Pettersson.
6:58 of 3rd period - Deflect By Erik Haula.
6:58 of 3rd period - Goal by Erik Haula - Lightning : 2 - Kraken : 5.
6:59 of 3rd period - Morgan Geekie wins face-off versus Jonathan Marchessault in neutral zone.
7:14 of 3rd period - Kris Letang is hit by Morgan Geekie and loses puck.
7:25 of 3rd period - Kirill Kaprizov is hit by Zach Whitecloud and loses puck.
7:30 of 3rd period - Snap shot by Mitchell Marner.
7:30 of 3rd period - Stopped by Linus Ullmark without a rebound.
7:31 of 3rd period - Erik Haula wins face-off versus Frederick Gaudreau in Kraken zone.
7:31 of 3rd period - Erik Haula is hit by Jordan Spence.
8:47 of 3rd period - Wrist shot by Danton Heinen.
8:47 of 3rd period - Stopped by Taylor Gauthier with a rebound.
8:49 of 3rd period - Slapshot by Jesperi Kotkaniemi.
8:49 of 3rd period - Stopped by Taylor Gauthier without a rebound.
8:50 of 3rd period - Frederick Gaudreau wins face-off versus Jordan Kyrou in Lightning zone.
9:03 of 3rd period - Snap shot by Mitchell Marner.
9:03 of 3rd period - Shot Misses the Net.
9:05 of 3rd period - Slapshot by Zach Whitecloud.
9:05 of 3rd period - Shot Misses the Net.
9:44 of 3rd period - Wrist shot by Jack Hughes.
9:44 of 3rd period - Stopped by Taylor Gauthier with a rebound.
9:58 of 3rd period - Klim Kostin is hit by Jesperi Kotkaniemi and loses puck.
10:11 of 3rd period - Slapshot by Kris Letang.
10:11 of 3rd period - Deflect By Jesperi Kotkaniemi.
10:11 of 3rd period - Shot Blocked by Nikita Zadorov.
10:11 of 3rd period - Puck is out of play.
10:12 of 3rd period - Jordan Kyrou wins face-off versus Frederick Gaudreau in Lightning zone.
11:45 of 3rd period - Snap shot by Klim Kostin.
11:45 of 3rd period - Shot Blocked by Marcus Pettersson.
11:47 of 3rd period - Slapshot by Riley Stillman.
11:47 of 3rd period - Shot Blocked by Brandon Montour.
11:49 of 3rd period - Snap shot by Klim Kostin.
11:49 of 3rd period - Shot Blocked by Brandon Montour.
11:51 of 3rd period - Slapshot by Jordan Spence.
11:51 of 3rd period - Shot Blocked by Marcus Pettersson.
12:07 of 3rd period - Slapshot by Jordan Kyrou.
12:07 of 3rd period - Shot Misses the Net.
13:08 of 3rd period - Backhand shot by Morgan Geekie.
13:08 of 3rd period - Shot Blocked by Jon Merrill.
13:22 of 3rd period - Snap shot by Jesperi Kotkaniemi.
13:22 of 3rd period - Shot Misses the Net.
13:34 of 3rd period - William Carrier is hit by Conor Sheary and loses puck.
14:29 of 3rd period - Slapshot by Nick Blankenburg.
14:29 of 3rd period - Shot Blocked by Logan O'Connor.
14:47 of 3rd period - Erik Haula is hit by Nikita Zadorov and loses puck.
15:08 of 3rd period - Peyton Krebs is hit by Connor McDavid and loses puck.
15:29 of 3rd period - Jordan Kyrou is hit by Riley Stillman and loses puck.
15:36 of 3rd period - Jonathan Marchessault is hit by Jordan Spence.
15:48 of 3rd period - Jordan Spence is hit by Jack Hughes and loses puck.
16:40 of 3rd period - Snap shot by Connor McDavid.
16:40 of 3rd period - Shot Blocked by Jonathan Marchessault.
16:42 of 3rd period - Snap shot by Klim Kostin.
16:42 of 3rd period - Stopped by Linus Ullmark with a rebound.
16:44 of 3rd period - Slapshot by Zach Whitecloud.
16:44 of 3rd period - Shot Misses the Net.
16:46 of 3rd period - Snap shot by Nicolas Deslauriers.
16:46 of 3rd period - Stopped by Linus Ullmark without a rebound.
16:47 of 3rd period - Leo Carlsson wins face-off versus Erik Haula in Kraken zone.
17:02 of 3rd period - Snap shot by Luke Evangelista.
17:02 of 3rd period - Stopped by Taylor Gauthier with a rebound.
17:19 of 3rd period - Snap shot by Kirill Kaprizov.
17:19 of 3rd period - Shot Hit the Post.
17:21 of 3rd period - Slapshot by Jack Hughes.
17:21 of 3rd period - Goal by Jack Hughes - Lightning : 2 - Kraken : 6.
17:22 of 3rd period - Frederick Gaudreau wins face-off versus Jordan Kyrou in neutral zone.
17:43 of 3rd period - Minor Penalty to Jan Rutta for Delaying the game.
17:44 of 3rd period - Leo Carlsson wins face-off versus Erik Haula in Kraken zone.
19:43 of 3rd period - Penalty to Jan Rutta is over, Jan Rutta is back on ice.
Goals for this period are 0 for Lightning vs 2 for Kraken.
Shots for this period are 5 for Lightning vs 13 for Kraken.




Output by the SimonT Hockey Simulator (STHS) for Eric Tremblay - Original Page W3C HTML5 Valid
Hockey Simulator - Hockey Simulation - Hockey Manager